 Dungeon Crawl Stone Soup version 0.32-a0-886-g41c5271027 (webtiles) character file.

Game seed: 12913159379350237963

2723 DEFE the Skirmisher (level 9, -2/63 HPs)
             Began as a Coglin Fighter on Apr 2, 2024.
             Was an Initiate of Okawaru.
             Slain by a wyvern (4 damage)
             ... on level 7 of the Dungeon.
             The game lasted 00:07:56 (6680 turns).

DEFE the Skirmisher (Coglin Fighter)                Turns: 6680, Time: 00:07:57

Health: -2/63      AC: 13    Str: 19    XL:     9   Next: 67%
Magic:  9/9        EV:  6    Int:  8    God:    Okawaru [......]
Gold:   283        SH:  0    Dex: 15    Spells: 8/8 levels left

rFire   . . .        a - +0 war axe {Wira}
rCold   . . .        i - +0 hand axe {Azuma}
rNeg    . . .        f - +0 chain mail
rPois   .            q - +1 helmet
rElec   .            p - +0 cloak {Will+}
rCorr   .            j - +0 pair of gloves
SInv    .            (no boots)
Will    +....        (amulet unavailable) Stlth
                     (ring unavailable)
HPRegen 0.30/turn    (ring unavailable)
MPRegen 0.11/turn    (no gizmo)

%: no passive effects
@: mighty, mesmerised, revved
A: off-hand wielding, slow wielding, warmup strikes, no jewellery
a: Invent Gizmo, Renounce Religion


You were on level 7 of the Dungeon.
You worshipped Okawaru.
Okawaru was noncommittal.
You visited 2 branches of the dungeon, and saw 8 of its levels.
You also visited: Sewer.

You collected 283 gold pieces.

Inventory:

Hand Weapons
 a - a +0 war axe (weapon) {Wira}
 d - a +2 dagger of venom
 i - a +0 hand axe (offhand) {Azuma}
 o - a +3 hand cannon of flaming
 t - a +0 whip of electrocution
Armour
 b - a +0 scale mail
 c - a +0 buckler
 f - a +0 chain mail (worn)
 j - a +0 pair of gloves (worn)
 p - a +0 cloak of willpower (worn)
 q - a +1 helmet (worn)
Scrolls
 e - 3 scrolls of teleportation
 g - 2 scrolls of amnesia
 k - 3 scrolls of immolation
 l - 2 scrolls of blinking
 r - a scroll of vulnerability
 y - 2 scrolls of revelation
 z - a scroll of fog
 D - a scroll of poison
 G - 2 scrolls of identify
Potions
 h - 2 potions of heal wounds
 m - 5 potions of degeneration {unknown}
 n - a potion of curing {unknown}
 s - 2 potions of cancellation {unknown}
 u - a potion of brilliance {unknown}
 w - 2 potions of invisibility {unknown}
 x - 2 potions of haste {unknown}
 A - 2 potions of enlightenment {unknown}
 B - 3 potions of mutation {unknown}
 E - a potion of attraction {unknown}
 F - a potion of resistance {unknown}


   Skills:
 - Level 3.0 Fighting
 - Level 4.2 Axes
 + Level 9.2 Ranged Weapons
 - Level 2.6 Armour
 - Level 2.1 Shields
 + Level 9.1 Evocations


You had 8 spell levels left.
You didn't know any spells.
Your spell library contained the following spells:

 Spells                   Type           Power      Damage    Failure   Level
 Shock                    Conj/Air       0%         1d3       98%         1
 Swiftness                Air            0%         N/A       100%        3
 Airstrike                Air            0%         2d(0-16)  100%        4


Dungeon Overview and Level Annotations

Branches:
Dungeon (7/15)             Temple (1/1) D:6           Sewer (visited)

Altars:
Ashenzari
Cheibriados
Dithmenos
Elyvilon
Fedhas
Gozag
Hepliaklqana
Kikubaaqudgha
Makhleb
Nemelex Xobeh
Okawaru
Qazlal
Ru
Trog
Uskayaw
Vehumet
Wu Jian
Xom
Yredelemnul
Zin
The Shining One

Annotations:
D:3 3 runed translucent doors, Lanoc's ghost, amateur CoHu
D:7 Maggie


Innate Abilities, Weirdness & Mutations

You can wield a second weapon in your off-hand.
It takes a long time for you to wield or remove held weapons.
Your first few attacks do less damage.
You cannot equip rings or amulets.


Message History

Space twists violently!
The rupture engulfs Maggie!
Maggie blinks!
Maggie is heavily wounded.
The now-empty wand crumbles to dust.
You hear an angry hiss.
Maggie casts a spell.
Maggie attempts to bespell you!
You are mesmerised by Maggie!
You aren't carrying any items that you can evoke.
Unknown command.
You cannot move away from Maggie!
You cannot move away from Maggie!
You feel very mighty all of a sudden.
A wyvern comes into view.
Maggie hits you with a +4 war axe of electrocution.
You hit Maggie with your +0 hand axe.
Maggie is heavily wounded.
You hit Maggie with your +0 war axe. Maggie hits you but does no damage.
You are electrocuted!
Unknown command.
You hit Maggie with your +0 war axe.
Maggie is severely wounded.
You hit Maggie with your +0 hand axe.
Maggie hits you with a +4 war axe of electrocution!
You closely miss Maggie with your +0 war axe.
Maggie is severely wounded.
You barely miss Maggie with your +0 hand axe.
Maggie hits you with a +4 war axe of electrocution!
Maggie hits you but does no damage.
Unknown command.
You hit Maggie with your +0 hand axe.
Maggie is severely wounded.
You hit the wyvern but do no damage.
You closely miss Maggie with your +0 war axe.
You completely miss the wyvern with your +0 war axe.
The wyvern bites you!
Maggie points at you and mumbles some strange words.
The bolt of fire hits you!!
* * * LOW HITPOINT WARNING * * *
The wyvern bites you.
You die...

#..######.#############.#########
#.......#.#...........#.#
#..####.#.#.####.####.#.#
##.#....#.#....#.# #.#
#.#.####.####.#.# #.#
#.#...........#.# ...
#.#############.######## #..
............... #.
.......@k...### .......@....#
............# ............#
............/. ...............
..###.##..##### .# #. ..#


You could see Maggie (mesmerising) and a wyvern.

Vanquished Creatures
  Grinder (D:3)
  A steam dragon (D:7)
  Menkaure (D:4)
  A water moccasin (D:4)
  An orc warrior (D:6)
  A sky beast (D:6)
  3 black bears
  2 ogres (D:5)
  4 kobold brigands (Sewer)
  A bullfrog (D:7)
  3 scorpions (D:5)
  2 gnoll sergeants
  A howler monkey (D:4)
  A bombardier beetle (D:6)
  3 hounds
  3 orc priests
  2 jellies (D:5)
  Jessica (D:3)
  Terence (D:3)
  An iguana (D:4)
  4 orc wizards
  Robin (D:3)
  16 adders
  7 gnolls
  A white imp (D:6)
  4 ufetubi
  2 dart slugs (D:2)
  2 ribbon worms
  20 orcs
  5 ball pythons
  5 endoplasms
  7 giant cockroaches
  17 goblins
  12 hobgoblins
  4 quokkas
  6 bats
  4 frilled lizards
  17 kobolds
  6 rats
174 creatures vanquished.

Notes
Turn   | Place    | Note
-------+----------+-------------------------------------------
     0 | D:1      | DEFE the Coglin Fighter began the quest for the Orb.
     0 | D:1      | Reached XP level 1. HP: 18/18 MP: 1/1
   147 | D:1      | You fall into a shaft and drop 1 floor!
   164 | D:2      | Reached XP level 2. HP: 21/24 MP: 2/2
   309 | D:1      | Reached XP level 3. HP: 19/29 MP: 3/3
   459 | D:1      | Found a faded altar of an unknown god.
  1117 | D:2      | Reached XP level 4. HP: 17/35 MP: 4/4
  1400 | D:2      | Reached skill level 1 in Ranged Weapons
  1453 | D:3      | Noticed Terence
  1468 | D:3      | Killed Terence
  1574 | D:3      | Noticed Robin
  1579 | D:3      | Noticed Grinder
  1579 | D:3      | Noticed Jessica
  1586 | D:3      | Reached XP level 5. HP: 40/41 MP: 5/5
  1591 | D:3      | Killed Jessica
  1594 | D:3      | Killed Robin
  1607 | D:3      | Killed Grinder
  1608 | D:3      | Reached XP level 6. HP: 39/47 MP: 6/6
  1681 | D:3      | Found a glowing drain.
  1722 | Sewer    | Entered a sewer
  1751 | Sewer    | Reached skill level 5 in Ranged Weapons
  1751 | Sewer    | Reached XP level 7. HP: 52/52 MP: 7/7
  2167 | D:3      | Noticed Lanoc's ghost (amateur CoHu)
  2179 | D:3      | Found a runed translucent gate.
  2179 | D:3      | Found a runed translucent gate.
  2181 | D:3      | Found a runed translucent gate.
  2309 | D:3      | Found an opulent altar of Gozag.
  2737 | D:4      | Noticed Menkaure
  2830 | D:4      | Reached skill level 1 in Evocations
  2851 | D:4      | Reached XP level 8. HP: 44/58 MP: 8/8
  3418 | D:4      | Killed Menkaure
  3434 | D:5      | Entered Level 5 of the Dungeon
  3618 | D:5      | Reached skill level 5 in Evocations
  4180 | D:5      | Reached XP level 9. HP: 42/63 MP: 9/9
  5453 | D:6      | Found a staircase to the Ecumenical Temple.
  5468 | Temple   | Entered the Ecumenical Temple
  5806 | D:6      | Found a sacrificial altar of Ru.
  6575 | D:7      | Found an iron altar of Okawaru.
  6576 | D:7      | Found a glowing golden altar of the Shining One.
  6583 | D:7      | Became a worshipper of Warmaster Okawaru
  6663 | D:7      | Noticed Maggie
  6680 | D:7      | HP: 2/63 [Maggie/bolt of fire (27)]
  6680 | D:7      | Slain by a wyvern

Illustrated notes

Levels and vault maps discovered:
D:1:      reono_arrival_forest_river, layout_basic,
          ebering_ecumenical_altar_sacrificial, minmay_worlds_worst_comb
D:2:      layout_basic
D:3:      layout_loops_cross, mainiacjoe_overflow_boulevard,
          gup_sewer_entry_glass, gammafunk_ghost_split, uniq_terence,
          uniq_jessica, uniq_grinder, uniq_robin
D:4:      layout_basic, uniq_menkaure
D:5:      layout_basic
D:6:      layout_loops_ring, nicolae_ru_awakened_eye, minmay_temple_entry_grid
D:7:      layout_loops_ring, grunt_temple_overflow_open,
          ebering_ghost_reflecting_pool, grunt_ministairs_12, roderic_lattice_a,
          uniq_maggie
Temple:   bh_familiar_temple

Skill      XL: |  1  2  3  4  5  6  7  8  9 |
---------------+----------------------------+-----
Axes           | 3 4 |  4.2
Ranged Weapons | 2 4 5 6 8 9 |  9.2
Evocations     | 2 6 9 |  9.1
Fighting       | |  3.0
Armour         | |  2.6
Shields        | |  2.1

Action                     |  1- 3 |  4- 6 |  7- 9 || total
---------------------------+-------+-------+-------++-------
  Melee: War axe           |    91 |    70 |   292 ||   453
         Hand axe          |       |    39 |   267 ||   306
  Evoke: Wand              |       |       |    21 ||    21
    Use: Scroll            |       |     6 |     6 ||    12
         Potion            |       |     2 |     3 ||     5
 Armour: Chain mail        |    71 |    75 |   370 ||   516
  Dodge: Dodged            |    27 |    23 |   120 ||   170
  Block: Buckler           |    19 |     6 |       ||    25

Table legend: (Time is in decaauts)
 A = Elapsed time spent in this place.
 B = Non-inter-level travel time spent in this place.
 C = Inter-level travel time spent in this place.
 D = Time resting spent in this place.
 E = Time spent auto-exploring this place.
 F = Levels seen in this place.
 G = Mean time per level.
                   A        B        C        D        E       F      G
               +--------+--------+--------+--------+--------+-----+--------+
         Total |   6832 |   6606 |    226 |   1607 |   3632 |   9 |  759.1 |
       Dungeon |   6395 |   6172 |    223 |   1471 |   3465 |   7 |  913.6 |
        Temple |      7 |      4 |      3 |      0 |      0 |   1 |    7.0 |
         Sewer |    429 |    429 |      0 |    136 |    167 |   1 |  429.0 |
               +--------+--------+--------+--------+--------+-----+--------+

Top non-repeatable levels by time:
     D:5: 1713 daAuts
     D:6: 1070 daAuts
     D:3: 886 daAuts
     D:1: 782 daAuts
     D:4: 729 daAuts
     D:2: 722 daAuts
     D:7: 490 daAuts
   Sewer: 429 daAuts
  Temple: 7 daAuts
